 Dungeon Crawl Stone Soup version 0.32-a0-361-g289a535e89 (webtiles) character file.

Game seed: 12372030220820005934

360 anacleto the Firebug (level 6, -7/32 HPs)
             Began as a Deep Elf Fire Elementalist on Feb 18, 2024.
             Mangled by an ogre
             ... wielding a +0 giant club
              (30 damage)
             ... on level 3 of the Dungeon on Feb 19, 2024.
             The game lasted 00:11:32 (3172 turns).

anacleto the Firebug (Deep Elf Fire Elementalist)   Turns: 3172, Time: 00:11:33

Health: -7/32      AC:  3    Str:  5    XL:     6   Next: 38%
Magic:  0/14       EV: 13    Int: 22    God:
Gold:   100        SH:  0    Dex: 15    Spells: 0/13 levels left

rFire   . . .        u - staff of earth
rCold   . . .        (no shield)
rNeg    . . .        a - +0 robe
rPois   .            v - +0 hat
rElec   .            (no cloak)
rCorr   .            r - +0 pair of gloves
SInv    .            (no boots)
Will    .....        (no amulet)
Stlth   +++          (no ring)
HPRegen 0.25/turn    (no ring)
MPRegen 0.14/turn

%: no passive effects
@: no status effects
A: no striking features
a: no special abilities


You were on level 3 of the Dungeon.
You visited 1 branch of the dungeon, and saw 3 of its levels.

You collected 100 gold pieces.

Inventory:

Missiles
 f - 44 stones
Armour
 a - a +0 robe (worn)
 r - a +0 pair of gloves (worn)
 v - a +0 hat (worn)
Magical Staves
 u - a staff of earth (weapon)
Jewellery
 l - a ring of ice
 m - a ring of poison resistance
Wands
 o - a wand of roots (9)
Scrolls
 c - 8 scrolls of identify {unknown}
 d - a scroll of revelation {unknown}
 g - 2 scrolls of teleportation {unknown}
 h - 2 scrolls of brand weapon {unknown}
 n - a scroll of amnesia {unknown}
 q - a scroll of immolation
 t - a scroll of vulnerability {unknown}
Potions
 b - a potion of magic
 e - a potion of haste {unknown}
 i - a potion of brilliance {unknown}
 j - 2 potions of curing {unknown}
 k - a potion of might {unknown}
 p - a potion of lignification {unknown}
 s - a potion of ambrosia {unknown}


   Skills:
 + Level 3.9 Dodging
 + Level 4.0 Stealth
 + Level 4.4 Spellcasting
 * Level 3.8 Conjurations
 * Level 5.0 Fire Magic


You couldn't memorise any spells.
You knew the following spells:

 Your Spells              Type           Power      Damage    Failure   Level
a - Foxfire               Conj/Fire      96%        2x1d8     1%          1
b - Scorch                Fire           52%        2d7       1%          2
c - Inner Flame           Hex/Fire       15%        N/A       12%         3
d - Volatile Blastmotes   Fire/Tloc      30%        2d12      12%         3
e - Flame Wave            Conj/Fire      24%        2d8       17%         4

Your spell library contained the following spells:

 Spells                   Type           Power      Damage    Failure   Level
 Summon Small Mammal      Summ           16%        N/A       11%         1
 Call Canine Familiar     Summ           4%         N/A       32%         3
 Summon Blazeheart Golem  Fire/Summ      15%        N/A       36%         4


Dungeon Overview and Level Annotations

Branches:
Dungeon (3/15)

Altars:


Message History

Casting: Scorch (safe; 1% risk of failure)
Confirm with . or Enter, or press ? or * to list all spells.
Flames lash the orc.
You kill the orc!
Found a ring mail and a scroll labelled NYSSEDAVAGA.
You see here a +0 hand axe.
Casting: Scorch (safe; 1% risk of failure)
Confirm with . or Enter, or press ? or * to list all spells.
Flames lash the ogre.
The ogre is moderately wounded.
The ogre's fire resistance burns away.
Casting: Scorch (safe; 1% risk of failure)
Confirm with . or Enter, or press ? or * to list all spells.
Flames lash the ogre.
The ogre is moderately wounded.
The ogre's fire resistance burns away.
The ogre is no longer more vulnerable to fire.
You see here an adder corpse.
Casting: Scorch (safe; 1% risk of failure)
Confirm with . or Enter, or press ? or * to list all spells.
Flames lash the orc but do no damage.
The ogre attacks as it pursues you! The ogre barely misses you.
Casting: Scorch (safe; 1% risk of failure)
Confirm with . or Enter, or press ? or * to list all spells.
Flames lash the orc.
You kill the orc!
Casting: Scorch (safe; 1% risk of failure)
Confirm with . or Enter, or press ? or * to list all spells.
Flames lash the ogre.
The ogre is severely wounded.
The ogre's fire resistance burns away.
The ogre hits you with a +0 giant club! The ogre attacks as it pursues you!
The ogre closely misses you.
Casting: Scorch (safe; 1% risk of failure)
Confirm with . or Enter, or press ? or * to list all spells.
Flames lash the ogre.
The ogre is almost dead.
The ogre's fire resistance burns away.
The ogre hits you with a +0 giant club!!
Ouch! That really hurt!
You die...

#........# ####. #........#
##.... ##.####### ##..### #)#
#..## #.# #.## #.##### #.#
#.#...# ##.# #.#.#.####### #..#
#...#....O@.# #.## ###########.#
#.# ##########'#### ##'######
..............# #........
..............# ##........ ####
...)..........###......... ...#
..............##..)...[...
...##############'#####.#........
.)o†...# #......#.(...#........


You could see an ogre (combustible).

Vanquished Creatures
  Sigmund (D:2)
  An orc priest (D:3)
  3 adders
  2 ribbon worms (D:2)
  8 orcs (D:3)
  6 ball pythons
  8 bats
  4 endoplasms
  3 giant cockroaches
  3 goblins
  11 hobgoblins
  4 jackals (D:3)
  2 quokkas
  3 frilled lizards (D:1)
  6 kobolds
  7 rats
72 creatures vanquished.

Vanquished Creatures (others)
  66 foxfires
66 creatures vanquished.

Grand Total: 138 creatures vanquished

Notes
Turn   | Place    | Note
-------+----------+-------------------------------------------
     0 | D:1      | anacleto the Deep Elf Fire Elementalist began the quest for
                  | the Orb.
     0 | D:1      | Reached XP level 1. HP: 10/10 MP: 6/6
   135 | D:1      | Reached XP level 2. HP: 15/15 MP: 1/8
   293 | D:1      | Learned a level 2 spell: Scorch
   506 | D:1      | Reached XP level 3. HP: 19/19 MP: 6/9
  1164 | D:2      | Found a faded altar of an unknown god.
  1181 | D:2      | Noticed Sigmund
  1187 | D:2      | Killed Sigmund
  1188 | D:2      | Reached skill level 4 in Fire Magic
  1188 | D:2      | Reached XP level 4. HP: 24/24 MP: 3/12
  1188 | D:2      | Reached XP level 5. HP: 28/28 MP: 3/13
  1335 | D:2      | Learned a level 3 spell: Inner Flame
  1636 | D:2      | You fall into a shaft and drop 1 floor!
  2022 | D:3      | Reached XP level 6. HP: 26/32 MP: 1/14
  2783 | D:2      | Learned a level 3 spell: Volatile Blastmotes
  3119 | D:3      | Learned a level 4 spell: Flame Wave
  3136 | D:3      | Reached skill level 5 in Fire Magic
  3172 | D:3      | Mangled by an ogre

Illustrated notes

Levels and vault maps discovered:
D:1:      dpeg_arrival_arbitrary_b, layout_basic
D:2:      layout_loops_ring, hellmonk_ecumenical_altar_blasted, uniq_sigmund
D:3:      layout_basic

Skill      XL: |  1  2  3  4  5  6 |
---------------+-------------------+-----
Stealth        | 3 4 |  4.0
Dodging        | 3 |  3.9
Conjurations   | 3 |  3.8
Spellcasting   | 4 |  4.4
Fire Magic     | 4 5 |  5.0

Action                     |  1- 3 |  4- 6 || total
---------------------------+-------+-------++-------
  Melee: Unarmed           |     6 |     5 ||    11
         Staff             |       |     2 ||     2
   Cast: Foxfire           |    39 |     4 ||    43
         Scorch            |    10 |    50 ||    60
         Inner Flame       |       |     4 ||     4
         Volatile Blastmot |       |     2 ||     2
 Armour: Robe              |    27 |    37 ||    64
  Dodge: Dodged            |    33 |    45 ||    78

Table legend: (Time is in decaauts)
 A = Elapsed time spent in this place.
 B = Non-inter-level travel time spent in this place.
 C = Inter-level travel time spent in this place.
 D = Time resting spent in this place.
 E = Time spent auto-exploring this place.
 F = Levels seen in this place.
 G = Mean time per level.
                   A        B        C        D        E       F      G
               +--------+--------+--------+--------+--------+-----+--------+
         Total |   3170 |   3133 |     37 |    458 |   2000 |   3 | 1056.7 |
       Dungeon |   3170 |   3133 |     37 |    458 |   2000 |   3 | 1056.7 |
               +--------+--------+--------+--------+--------+-----+--------+

Top non-repeatable levels by time:
     D:1: 1151 daAuts
     D:2: 1044 daAuts
     D:3: 974 daAuts
